 Dungeon Crawl Stone Soup version 0.31-a0-154-g56bf346678 (webtiles) character file.

Game seed: 2725260508978605654

25498 Serulin the Grappler (level 12, -1/114 HPs)
             Began as a Troll Cinder Acolyte on June 11, 2023.
             Was a Believer of Ignis.
             Slain by a wolf (7 damage)
             ... on level 3 of the Lair of Beasts on June 12, 2023.
             The game lasted 01:14:47 (10845 turns).

Serulin the Grappler (Troll Cinder Acolyte)        Turns: 10845, Time: 01:14:48

Health: -1/114     AC:  0    Str: 29    XL:     12   Next: 90%
Magic:  12/12      EV: 15    Int: 10    God:    Ignis [**....]
Gold:   631        SH:  0    Dex:  5    Spells: 11/13 levels left

rFire   + .          .
                       - Unarmed
rCold   . . .        (shield currently unavailable)
rNeg    . . .        M - melded +0 troll leather armour
rPois   .            (helmet currently unavailable)
rElec   .            L - melded +0 cloak
rCorr   .            (gloves unavailable)
SInv    .            (boots unavailable)
Will    .....        (no amulet)
Stlth   +            b - melded +4 ring of protection
HPRegen 1.19/turn    B - melded +5 ring of evasion
MPRegen 0.13/turn

%: no passive effects
@: pig-form, very quick
A: fast, no casting, small, unfitting armour, (claws 3), regeneration 1, (shaggy
fur 1), (tough skin 1), wild magic 1
a: Renounce Religion, Fiery Armour, Foxfire Swarm, Rising Flame


You were on level 3 of the Lair of Beasts.
You worshipped Ignis.
Ignis was pleased with you.
You were a filthy swine.
You visited 3 branches of the dungeon, and saw 14 of its levels.
You also visited: Sewer.

You collected 785 gold pieces.
You spent 154 gold pieces at shops.

Inventory:

Hand Weapons
 h - a +0 dagger of flaming
 u - a +0 orcbow
 C - a +1 spear of venom
 I - a +2 rapier of flaming
 S - the +5 demon whip "Spellbinder" {antimagic, disrupt, Will+}
   (You found it on level 4 of the Lair of Beasts)

   Will:      It increases your willpower.
Missiles
 x - 2 throwing nets
 O - 13 poisoned darts
Armour
 L - a +0 cloak (melded)
 M - a +0 troll leather armour (melded)
Jewellery
 b - a +4 ring of protection (melded)
 w - a +4 ring of protection
 y - a ring of fire
 B - a +5 ring of evasion (melded)
 H - a ring of resist corrosion
 J - a ring of magical power
 R - an amulet of faith
Wands
 g - a wand of flame (31)
 m - a wand of iceblast (6)
 r - a wand of quicksilver (12)
 F - a wand of digging (5)
Scrolls
 j - 2 scrolls of blinking
 k - a scroll of fog {unknown}
 l - 8 scrolls of immolation
 p - 3 scrolls of poison
 q - a scroll of brand weapon
 t - 2 scrolls of enchant armour
 v - a scroll of enchant weapon {unknown}
 A - a scroll of vulnerability {unknown}
 E - a scroll of fear {unknown}
 N - a scroll of magic mapping {unknown}
 P - 2 scrolls of identify
Potions
 a - 4 potions of brilliance {unknown}
 c - a potion of invisibility
 e - a potion of enlightenment
 f - 2 potions of resistance
 i - 3 potions of heal wounds
 n - 3 potions of curing
 o - 2 potions of might
 s - 3 potions of haste
 z - a potion of magic {unknown}
 D - a potion of ambrosia {unknown}
 G - 3 potions of attraction {unknown}
 K - 2 potions of lignification
 Q - a potion of degeneration {unknown}


   Skills:
 + Level 6.0 Fighting
 * Level 1.7 Maces & Flails
 + Level 6.0 Armour
 + Level 11.2 Dodging
 - Level 14.7 Unarmed Combat
 - Level 1.0 Spellcasting
 - Level 2.1 Fire Magic


You had 11 spell levels left.
You knew the following spells:

 Your Spells              Type           Power      Damage    Failure   Level
a - Scorch                Fire           12%        2d6       30%         2

Your spell library contained the following spells:

 Spells                   Type           Power      Damage    Failure   Level
 Apportation              Tloc           0%         N/A       43%         1
 Beastly Appendage        Tmut           0%         N/A       43%         1
 Kiss of Death            Conj/Necr      0%         2d5       43%         1
 Magic Dart               Conj           0%         1d3       43%         1
 Necrotise                Necr           0%         1d4       43%         1
 Summon Small Mammal      Summ           0%         N/A       43%         1
 Call Imp                 Summ           0%         N/A       54%         2
 Wereblood                Tmut           0%         N/A       54%         2
 Confusing Touch          Hex            0%         N/A       78%         3
 Mephitic Cloud           Conj/Pois/Air  0%         N/A       78%         3
 Spider Form              Tmut/Pois      0%         N/A       78%         3
 Tukima's Dance           Hex            0%         N/A       78%         3
 Vampiric Draining        Necr           0%         2d6       78%         3
 Dispel Undead            Necr           0%         3d6       99%         4
 Passage of Golubria      Tloc           0%         N/A       99%         4
 Agony                    Necr           0%         N/A       100%        5
 Yara's Violent Unravell  Hex/Tmut       0%         3d3       100%        5
 Malign Gateway           Summ/Tloc      0%         N/A       100%        7
 Summon Horrible Things   Summ           0%         N/A       100%        8


Dungeon Overview and Level Annotations

Branches:
Dungeon (9/15)             Temple (1/1) D:4            Lair (4/5) D:9
 Shoals (0/4) Lair:3        Snake (0/4) Lair:3        Sewer (visited)
  Slime: Lair:4-5       Orc: D:9-12

Altars:
Ashenzari
Cheibriados
Dithmenos
Elyvilon
Fedhas
Gozag
Hepliaklqana
Kikubaaqudgha
Makhleb
Nemelex Xobeh
Okawaru
Qazlal
Ru
Sif Muna
Uskayaw
Vehumet
Wu Jian
Xom
Yredelemnul
Zin

Shops:
D:1 ((***   D:9 *

Annotations:
Lair:4 Kirke


Innate Abilities, Weirdness & Mutations

You are a filthy swine.
You move quickly.
Your equipment is almost entirely melded.
You are incapable of wielding weapons or throwing items.
You cannot cast spells.
You are too large for most types of armour.
((You have claws for hands.))
Your natural rate of healing is unusually fast.
((You are covered in fur. (AC +1)))
((You have tough skin. (AC +1)))
Your spells are a little harder to cast, but a little more powerful.


Message History

You hit the wolf.
The wolf is moderately wounded.
The wolf bites you! The komodo dragon bites you!!
* * * LOW HITPOINT WARNING * * *
You are too injured to fight recklessly!
The wolf bites you!
* * * LOW HITPOINT WARNING * * *
You are too injured to fight recklessly!
You are too injured to fight recklessly!
You are too injured to fight recklessly!
You are too injured to fight recklessly!
You hit the wolf but do no damage.
The wolf is moderately wounded.
The wolf closely misses you. The wolf bites you!
* * * LOW HITPOINT WARNING * * *
You hit the wolf but do no damage.
The wolf is moderately wounded.
The wolf misses you.
You barely miss the wolf.
The wolf is moderately wounded.
The wolf bites you.
* * * LOW HITPOINT WARNING * * *
You closely miss the wolf.
The wolf is moderately wounded.
The wolf misses you. The komodo dragon misses you. The wolf bites you.
* * * LOW HITPOINT WARNING * * *
You barely miss the wolf.
The wolf is moderately wounded.
The wolf bites you.
* * * LOW HITPOINT WARNING * * *
The komodo dragon barely misses you.
You closely miss the wolf.
The wolf is moderately wounded.
The wolf bites you.
* * * LOW HITPOINT WARNING * * *
The komodo dragon closely misses you.
You hit the wolf.
The wolf is severely wounded.
The wolf bites you!
You die...

####...###............#~.♣...♣~♣#
#.....##.............##~.♣♣.♣♣.~#
.....##.............###~.~..~.~.#
....####.............###P~P.♣♣♣##
..### #########.......####.####.
.### ##......####...... ..P# ###
##.......###.....
...######†########.......###.....
..###.....>....hh##........#.....
...##....†.....l####.............
#...#...........# ##.......#.~~~
##..............## ##......~~~≈≈
#.#..............# ###...#.~~≈##
###.............## #.#..###~≈##.
#...............# ###..##~~~≈#..
#..............## #.....###~≈#..
##..........#######.....###~≈#..


You could see a komodo dragon and a wolf.

Vanquished Creatures
  2 hydras (Lair:3)
  A two-headed ogre (D:9)
  A skyshark (Lair:3)
  6 elephants (Lair:1)
  6 black mambas
  11 cane toads
  Maggie (D:7)
  A hornet (D:8)
  3 trolls
  The ghost of AwFulAwFulPlayer the Sneak, an amateur OpDe (D:4)
  6 blink frogs
  A snapping turtle (Lair:3)
  7 wyverns
  31 yaks
  4 hogs
  4 basilisks
  2 steam dragons
  A naga (Lair:3)
  An acid dragon (D:9)
  11 water moccasins
  2 sky beasts
  Pargi (Sewer)
  2 ice beasts
  2 black bears
  2 ogres
  17 wolves
  4 centaurs
  2 kobold brigands (D:9)
  8 bullfrogs
  2 gnoll sergeants
  3 scorpions
  7 wights (D:7)
  4 killer bees (D:7)
  A howler monkey (D:7)
  2 electric eels
  A gnoll bouda (D:5)
  5 hounds
  3 jellies
  8 orc priests
  Ijyb (D:3)
  5 iguanas
  Natasha (twice) (D:2)
  11 orc wizards
  2 hell rats (Lair:2)
  13 gnolls
  12 adders
  11 river rats (Lair:2)
  A shadow imp (D:6)
  An ufetubus (D:5)
  A worm (D:2)
  3 dart slugs
  30 orcs
  9 bats
  5 endoplasms
  4 giant cockroaches
  3 goblins
  6 hobgoblins
  6 jackals
  6 quokkas
  10 ball pythons
  A frilled lizard (D:2)
  2 kobolds (D:1)
  5 rats
327 creatures vanquished.

Vanquished Creatures (others)
  An adder (D:6)
  A gnoll (D:6)
  A hobgoblin (D:2)
  72 foxfires
75 creatures vanquished.

Grand Total: 402 creatures vanquished

Notes
Turn   | Place    | Note
-------+----------+-------------------------------------------
     0 | D:1      | Serulin the Troll Cinder Acolyte began the quest for the
                  | Orb.
     0 | D:1      | Reached XP level 1. HP: 22/22 MP: 1/1
   410 | D:1      | Found Woshrik's Antique Weapon Shoppe.
   417 | D:1      | Reached XP level 2. HP: 29/29 MP: 2/2
   432 | D:1      | Found Dyruv's Assorted Antiques.
   452 | D:1      | Found Dawave's Assorted Antiques.
   507 | D:1      | Found Esireast's General Store.
   519 | D:1      | Found Migymu's Weapon Shop.
   818 | D:1      | Found a faded altar of an unknown god.
   945 | D:1      | Reached XP level 3. HP: 33/36 MP: 3/3
   961 | D:1      | Reached skill level 1 in Dodging
   976 | D:1      | Learned a level 2 spell: Scorch
  1073 | D:2      | Reached skill level 4 in Unarmed Combat
  1073 | D:2      | Reached XP level 4. HP: 39/44 MP: 4/4
  1125 | D:2      | You fall into a shaft and drop 1 floor!
  1134 | D:3      | Found a radiant altar of Vehumet.
  1179 | D:3      | Noticed Ijyb
  1194 | D:3      | Killed Ijyb
  1265 | D:2      | Noticed Natasha
  1270 | D:2      | Killed Natasha
  1271 | D:2      | Reached XP level 5. HP: 53/53 MP: 5/5
  1503 | D:2      | Noticed Natasha
  1508 | D:2      | Killed Natasha
  1511 | D:2      | Found a sparkling altar of Nemelex Xobeh.
  1874 | D:4      | Reached skill level 5 in Unarmed Combat
  1892 | D:4      | Found a glowing drain.
  1901 | Sewer    | Entered a sewer
  1939 | Sewer    | Noticed Pargi
  1947 | Sewer    | Killed Pargi
  1948 | Sewer    | Reached XP level 6. HP: 52/61 MP: 6/6
  2033 | D:4      | Found a sacrificial altar of Ru.
  2099 | D:4      | Found a blossoming altar of Fedhas.
  2196 | D:4      | Found a sparkling altar of Nemelex Xobeh.
  2263 | D:4      | Found a stormy altar of Qazlal.
  2298 | D:4      | Found a staircase to the Ecumenical Temple.
  2309 | Temple   | Entered the Ecumenical Temple
  2565 | D:4      | Found a runed translucent gate.
  2566 | D:4      | Found a runed translucent gate.
  2567 | D:4      | Found a runed translucent gate.
  2567 | D:4      | Noticed AwFulAwFulPlayer's ghost (amateur OpDe)
  2594 | D:4      | Killed AwFulAwFulPlayer's ghost
  2595 | D:4      | Reached skill level 6 in Unarmed Combat
  2595 | D:4      | Reached XP level 7. HP: 45/67 MP: 7/7
  2790 | D:5      | Entered Level 5 of the Dungeon
  3020 | D:4      | Reached skill level 7 in Unarmed Combat
  3150 | D:5      | Reached XP level 8. HP: 54/75 MP: 8/8
  3649 | D:6      | Reached skill level 5 in Dodging
  3812 | D:6      | Reached skill level 8 in Unarmed Combat
  4247 | D:6      | Found a white marble altar of Elyvilon.
  4584 | D:7      | Noticed Maggie
  4612 | D:7      | Killed Maggie
  4613 | D:7      | Reached skill level 9 in Unarmed Combat
  4613 | D:7      | Reached XP level 9. HP: 63/84 MP: 9/9
  5026 | D:7      | Found a broken altar of Ashenzari.
  5582 | D:8      | Reached skill level 1 in Armour
  5582 | D:8      | Reached skill level 10 in Unarmed Combat
  5903 | D:8      | Reached XP level 10. HP: 93/93 MP: 10/10
  6262 | D:8      | Found a glowing silver altar of Zin.
  6455 | D:9      | Found Nufyu's Changing Room.
  6567 | D:9      | Bought a potion of lignification for 42 gold pieces
  6569 | D:9      | Bought a potion of mutation for 112 gold pieces
  6715 | D:9      | Reached skill level 11 in Unarmed Combat
  6766 | D:9      | Found a staircase to the Lair.
  7213 | D:9      | Noticed a two-headed ogre
  7216 | D:9      | Killed a two-headed ogre
  7353 | Lair:1   | Entered Level 1 of the Lair of Beasts
  7385 | Lair:1   | Reached XP level 11. HP: 101/101 MP: 11/11
  7417 | Lair:1   | Reached skill level 12 in Unarmed Combat
  7619 | Lair:1   | Reached skill level 5 in Fighting
  8049 | Lair:1   | Reached skill level 13 in Unarmed Combat
  8469 | Lair:1   | Gained mutation: You are frail. (-10% HP) [potion of
                  | mutation]
  8469 | Lair:1   | Gained mutation: Your spells are a little harder to cast,
                  | but a little more powerful. [potion of mutation]
  8470 | Lair:1   | Lost mutation: You are frail. (-10% HP) [potion of
                  | mutation]
  8470 | Lair:1   | Lost mutation: Your spells are a little harder to cast, but
                  | a little more powerful. [potion of mutation]
  8470 | Lair:1   | Gained mutation: Your spells are a little harder to cast,
                  | but a little more powerful. [potion of mutation]
  8488 | Lair:2   | Reached skill level 10 in Dodging
  8555 | Lair:2   | Reached XP level 12. HP: 77/111 MP: 12/12
  8678 | Lair:2   | Reached skill level 5 in Armour
  9451 | Lair:3   | Reached skill level 14 in Unarmed Combat
  9466 | Lair:3   | Found a staircase to the Snake Pit.
  9571 | Lair:3   | Noticed a seven-headed hydra
  9584 | Lair:3   | Killed a seven-headed hydra
  9825 | Lair:3   | Noticed a six-headed hydra
  9832 | Lair:3   | Killed a six-headed hydra
  9886 | Lair:3   | Found a staircase to the Shoals.
 10605 | Lair:4   | Found the +5 demon whip "Spellbinder" {antimagic, disrupt,
                  | Will+}
 10649 | Lair:3   | HP: 4/113 [skyshark (6)]
 10704 | Lair:3   | Reached skill level 1 in Maces & Flails
 10748 | Lair:4   | Noticed Kirke
 10844 | Lair:3   | HP: 5/114 [wolf (4)]
 10845 | Lair:3   | Slain by a wolf

Illustrated notes

Levels and vault maps discovered:
D:1:      dpeg_arrival_rooms_a, layout_basic, serial_shops,
          nicolae_shop_gibbet_a_chance,
          nicolae_shop_temple_entry_statues_fountains,
          nicolae_shop_window_shopping, nicolae_shop_back_alley_shop,
          nicolae_shop_temple_entry_statues_fountains,
          shapermc_ecumenical_altar_pompeii, minmay_misc_feat_ornament
D:2:      layout_rooms, basic_altar, nrook_campfire, uniq_natasha
D:3:      layout_rooms, nicolae_vehumet_radiance, uniq_ijyb
D:4:      layout_loops_ring, nemelex_xobeh_ov_fountains_minmay,
          mainiacjoe_overflow_alcove_1, nicolae_qazlal_general_emergency,
          mainiacjoe_overflow_24_doors, minmay_temple_entry_mist,
          ebering_ghost_rock_garden, portal_sewer_entry_d, grunt_decor_fettered
D:5:      layout_rooms, minmay_misc_feat_pillars
D:6:      layout_cave_pods, mainiacjoe_overflow_concentric_impassable,
          serial_glass, glass_columns_c, glass_columns_a
D:7:      layout_basic, mainiacjoe_overflow_paths, uniq_maggie
D:8:      layout_basic, zin_statuary, nrook_pool_corridor
D:9:      minmay_angry_zag, layout_gridville, lair_entry_dummy,
          nicolae_transmutations_shop
Temple:   nicolae_temple_godzebo
Lair:1:   layout_roguey, serial_bayou_pond_a, guppyfry_lair_drakes,
          grunt_megastairs_4, serial_bayou_shore_a
Lair:2:   layout_hall_layers, kennysheep_rathole, grunt_megastairs_1,
          lemuel_fruit_tree, infiniplex_staircase_pool_2
Lair:3:   layout_cave_pods, minmay_shoals_entry_hut,
          guppyfry_snake_entry_garden, grunt_megastairs_5
Lair:4:   layout_layer_cave, uniq_kirke

Skill      XL: |  1  2  3  4  5  6  7  8  9 10 11 12 |
---------------+-------------------------------------+-----
Dodging        | 1 2 3 4 6 7 8 10 11 | 11.2
Unarmed Combat | 4 5 6 7 9 10 11 13 14 | 14.7
Fighting       | 3 4 5 6 |  6.0
Armour         | 1 3 4 6 |  6.0
Maces & Flails | 1 |  1.7
Spellcasting   | |  1.0
Fire Magic     | |  2.1

Action                     |  1- 3 |  4- 6 |  7- 9 | 10-12 || total
---------------------------+-------+-------+-------+-------++-------
  Melee: Unarmed           |    76 |   137 |   368 |   610 ||  1191
         Punch             |       |     1 |    13 |    33 ||    47
         Demon whip        |       |       |       |    38 ||    38
         Rapier            |       |       |       |     9 ||     9
 Invoke: Foxfire Swarm     |       |     1 |       |     4 ||     5
         Fiery Armour      |       |       |       |     1 ||     1
  Evoke: Wand              |       |       |       |     5 ||     5
    Use: Scroll            |     4 |     6 |     3 |     5 ||    18
         Potion            |       |     1 |       |     7 ||     8
 Armour: Robe              |    48 |    71 |   110 |       ||   229
         Steam dragon scal |       |       |    40 |    32 ||    72
         Troll leather arm |       |       |       |   225 ||   225
         Skin              |       |       |       |    22 ||    22
  Dodge: Dodged            |    40 |    75 |   208 |   606 ||   929

Table legend: (Time is in decaauts)
 A = Elapsed time spent in this place.
 B = Non-inter-level travel time spent in this place.
 C = Inter-level travel time spent in this place.
 D = Time resting spent in this place.
 E = Time spent auto-exploring this place.
 F = Levels seen in this place.
 G = Mean time per level.
                   A        B        C        D        E       F      G
               +--------+--------+--------+--------+--------+-----+--------+
         Total |  10665 |  10328 |    337 |    459 |   6992 |  15 |  711.0 |
       Dungeon |   7053 |   6807 |    246 |    252 |   4568 |   9 |  783.7 |
        Temple |    122 |    120 |      2 |      0 |    113 |   1 |  122.0 |
          Lair |   3388 |   3300 |     88 |    207 |   2279 |   4 |  847.0 |
         Sewer |    101 |    101 |      0 |      0 |     32 |   1 |  101.0 |
               +--------+--------+--------+--------+--------+-----+--------+

Top non-repeatable levels by time:
  Lair:3: 1321 daAuts
  Lair:1: 1071 daAuts
     D:7: 980 daAuts
     D:1: 972 daAuts
     D:9: 927 daAuts
  Lair:2: 905 daAuts
     D:4: 891 daAuts
     D:8: 876 daAuts
     D:6: 810 daAuts
     D:5: 725 daAuts
     D:2: 464 daAuts
     D:3: 404 daAuts
  Temple: 122 daAuts
   Sewer: 101 daAuts
  Lair:4: 89 daAuts
